 Dungeon Crawl Stone Soup version 0.31-a0-121-g1e386dd289 (webtiles) character file.

Game seed: 10441392426057200930

445 Essalna the Destroyer (level 7, -1/44 HPs)
             Began as a Tengu Conjurer on June 1, 2023.
             Succumbed to a scorpion's poison
             ... on level 5 of the Dungeon.
             The game lasted 00:06:37 (4133 turns).

Essalna the Destroyer (Tengu Conjurer)              Turns: 4133, Time: 00:06:38

Health: -1/44      AC:  4    Str:  7    XL:     7   Next: 3%
Magic:  2/11       EV: 15    Int: 20    God:
Gold:   208        SH:  0    Dex: 13    Spells: 7/10 levels left

rFire   . . .        l - staff of poison
rCold   . . .        (no shield)
rNeg    . . .        a - +0 robe
rPois   +            (helmet restricted)
rElec   .            (no cloak)
rCorr   .            i - +1 pair of gloves
SInv    .            (boots unavailable)
Will    .....        o - amulet of the acrobat
Stlth   ++           (no ring)
HPRegen 0.27/turn    (no ring)
MPRegen 0.12/turn

%: acrobat
@: lethally poisoned (-1 -> -12), flying quickly and evasively, quick
A: beak, talons 3, nimble flight
a: no special abilities


You were on level 5 of the Dungeon.
You visited 1 branch of the dungeon, and saw 5 of its levels.

You collected 208 gold pieces.

Inventory:

Armour
 a - a +0 robe (worn)
 i - a +1 pair of gloves (worn)
Magical Staves
 l - a staff of poison (weapon)
Jewellery
 o - an amulet of the acrobat (around neck)
Wands
 g - a wand of flame (15)
 h - a wand of polymorph (8)
Scrolls
 c - a scroll of teleportation
 e - 3 scrolls of identify
 n - a scroll of poison
Potions
 b - 2 potions of magic
 d - 5 potions of curing
 f - a potion of enlightenment
 j - 2 potions of mutation {unknown}
 k - a potion of brilliance {unknown}
 m - a potion of berserk rage {unknown}
 p - 2 potions of lignification {unknown}
 q - a potion of haste {unknown}
 r - a potion of heal wounds {unknown}


   Skills:
 + Level 4.3 Fighting
 + Level 1.7 Armour
 + Level 3.0 Dodging
 - Level 2.0 Stealth
 - Level 2.0 Spellcasting
 + Level 8.0 Conjurations


You had 7 spell levels left.
You knew the following spells:

 Your Spells              Type           Power      Damage    Failure   Level
a - Magic Dart            Conj           100%       1d8       1%          1
b - Searing Ray           Conj           68%        2d6       1%          2

Your spell library contained the following spells:

 Spells                   Type           Power      Damage    Failure   Level
 Dazzling Flash           Conj/Hex       36%        N/A       9%          3
 Stone Arrow              Conj/Erth      36%        3d9       9%          3
 Sandblast                Erth           4%         2d4       16%         1
 Passwall                 Tmut/Erth      1%         N/A       24%         2
 Fulminant Prism          Conj/Hex       9%         3d7       30%         4
 Iskenderun's Mystic Bla  Conj/Tloc      18%        2d6       30%         4
 Chain Lightning          Conj/Air       9%         3d12      100%        9
 Fire Storm               Conj/Fire      9%         8d2       100%        9
 Shatter                  Erth           1%         3d5*      100%        9


Dungeon Overview and Level Annotations

Branches:
Dungeon (5/15)
 Temple: D:4-7

Altars:
Elyvilon
Fedhas


Innate Abilities, Weirdness & Mutations

You have a beak for a mouth.
You have claws for feet.
Your magical nature lets you fly swiftly and evasively.


Message History

You hit the scorpion but do no damage.
The scorpion is moderately wounded.
The scorpion misses you.
You hit the scorpion.
You claw the scorpion, but do no damage.
You peck the scorpion.
The scorpion is heavily wounded.
The scorpion stings you but does no damage.
The scorpion stings you.
You are poisoned.
The scorpion poisons you!
You hit the scorpion but do no damage.
The scorpion is heavily wounded.
You feel very sick.
The scorpion stings you but does no damage.
You hit the scorpion but do no damage.
The scorpion is heavily wounded.
You feel sick. The scorpion completely misses you.
The scorpion closely misses you.
You hit the scorpion.
The scorpion is heavily wounded.
You feel sick. The scorpion barely misses you.
You closely miss the scorpion. You peck the scorpion.
The scorpion is severely wounded.
You feel sick.
The scorpion stings you but does no damage.
A worm comes into view.
You closely miss the scorpion.
You claw the scorpion, but do no damage.
Your peck misses the scorpion.
The scorpion is severely wounded.
You feel sick. The scorpion stings you.
* * * LOW HITPOINT WARNING * * *
You are lethally poisoned!
The scorpion poisons you! The scorpion stings you.
* * * LOW HITPOINT WARNING * * *
The worm barely misses you.
You hit the scorpion but do no damage. You claw the scorpion.
The scorpion is almost dead.
You die...

# #.# .†#####.# #†.....#
##......# ........#####
##### ............# #...#
......s...#.# #.#.#######.#
.......##.#s# #.#.##......#
.......##.#@###.#.##.#######
.....$....w...............>.
...##.###.#.....#.##.#####.#
.. #. #.#######.##.# #.# .
#. #.........##.#####.# ##
############........
####..... #..... #.....


You could see a worm and a scorpion.

Vanquished Creatures
  A phantom (D:5)
  A scorpion (D:5)
  4 hounds
  2 iguanas
  Jessica (D:2)
  2 adders (D:2)
  A white imp (D:5)
  4 dart slugs
  An orc (D:4)
  10 endoplasms
  2 giant cockroaches
  9 goblins
  3 hobgoblins
  4 jackals (D:5)
  9 kobolds
  3 quokkas
  11 ball pythons
  3 bats
  4 frilled lizards
  3 rats (D:3)
78 creatures vanquished.

Notes
Turn   | Place    | Note
-------+----------+-------------------------------------------
     0 | D:1      | Essalna the Tengu Conjurer began the quest for the Orb.
     0 | D:1      | Reached XP level 1. HP: 10/10 MP: 4/4
   247 | D:1      | Found a faded altar of an unknown god.
   261 | D:1      | Reached skill level 1 in Fighting
   261 | D:1      | Reached XP level 2. HP: 16/16 MP: 4/6
   615 | D:1      | Learned a level 2 spell: Searing Ray
   886 | D:2      | You fall into a shaft and drop 2 floors!
   894 | D:3      | Found a white marble altar of Elyvilon.
   897 | D:3      | Found a faded altar of an unknown god.
   973 | D:3      | Reached XP level 3. HP: 21/21 MP: 3/7
  1091 | D:2      | Reached skill level 6 in Conjurations
  1171 | D:2      | Noticed Jessica
  1175 | D:2      | Killed Jessica
  1187 | D:2      | Reached XP level 4. HP: 27/27 MP: 1/8
  2529 | D:3      | Found a blossoming altar of Fedhas.
  2742 | D:3      | Reached skill level 7 in Conjurations
  2742 | D:3      | Gained mutation: Your magical nature lets you fly swiftly
                  | and evasively. [Tengu growth]
  2742 | D:3      | Reached XP level 5. HP: 26/32 MP: 3/9
  3719 | D:4      | Reached XP level 6. HP: 38/38 MP: 5/10
  3797 | D:5      | Entered Level 5 of the Dungeon
  4007 | D:5      | Reached skill level 1 in Armour
  4125 | D:5      | Reached skill level 8 in Conjurations
  4125 | D:5      | Reached XP level 7. HP: 22/44 MP: 1/11
  4132 | D:5      | HP: 1/44 [scorpion (5)]
  4133 | D:5      | Succumbed to a scorpion's poison

Illustrated notes

Levels and vault maps discovered:
D:1:      minmay_arrival_stair_chambers, layout_loops_ring,
          hellmonk_ecumenical_altar_pennies_from_heaven
D:2:      kennysheep_six_static_rooms, layout_loops_ring, uniq_jessica
D:3:      layout_loops_corners, old_standard_altar,
          nicolae_overflow_ecumenical_swirl, chequers_jeans
D:4:      layout_rooms
D:5:      layout_basic, corexii_checkpoint_a, grunt_ministairs_1,
          dreamdust_gnoll_farm

Skill      XL: |  1  2  3  4  5  6 |
---------------+-------------------+-----
Fighting       | 1 2 3 4 |  4.3
Conjurations   | 6 7 8 |  8.0
Armour         | 1 |  1.7
Dodging        | 3 |  3.0
Stealth        | |  2.0
Spellcasting   | |  2.0

Action                     |  1- 3 |  4- 6 |  7- 9 || total
---------------------------+-------+-------+-------++-------
  Melee: Staff             |       |    19 |     9 ||    28
         Kick              |       |    10 |     3 ||    13
         Peck              |       |     3 |     2 ||     5
   Cast: Magic Dart        |    44 |   126 |       ||   170
         Searing Ray       |       |     1 |       ||     1
    Use: Scroll            |       |     9 |       ||     9
 Armour: Robe              |       |     7 |     3 ||    10
  Dodge: Dodged            |     1 |    35 |     6 ||    42

Table legend: (Time is in decaauts)
 A = Elapsed time spent in this place.
 B = Non-inter-level travel time spent in this place.
 C = Inter-level travel time spent in this place.
 D = Time resting spent in this place.
 E = Time spent auto-exploring this place.
 F = Levels seen in this place.
 G = Mean time per level.
                   A        B        C        D        E       F      G
               +--------+--------+--------+--------+--------+-----+--------+
         Total |   4065 |   3918 |    147 |      0 |   3495 |   5 |  813.0 |
       Dungeon |   4065 |   3918 |    147 |      0 |   3495 |   5 |  813.0 |
               +--------+--------+--------+--------+--------+-----+--------+

Top non-repeatable levels by time:
     D:2: 1119 daAuts
     D:3: 1027 daAuts
     D:1: 871 daAuts
     D:4: 715 daAuts
     D:5: 331 daAuts
